 Dungeon Crawl Stone Soup version 0.17.2-1-ge4368a0 (webtiles) character file.

82006 Goblin1989 the Bludgeoner (level 15, -6/122 HPs)
             Began as a Demonspawn Fighter on Sept 9, 2016.
             Was an Initiate of Gozag.
             Killed from afar by a deep troll earth mage (21 damage)
             ... with a blast of rock fragments
             ... on level 15 of the Dungeon on Sept 10, 2016.
             The game lasted 01:57:39 (23757 turns).

Goblin1989 the Bludgeoner (Demonspawn Fighter)     Turns: 23757, Time: 01:57:40

Health: -6/122     AC: 26    Str: 23    XL:     15   Next: 28%
Magic:  15/15      EV: 12    Int: 20    God:    Gozag
Gold:   1441       SH: 20    Dex: 25    Spells: 2 memorised, 3 levels left

rFire  + . .     SeeInvis .     b - +2 whip (venom)
rCold  . . .     Clarity  .     A - +1 plate armour {MR+}
rNeg   . . .     SustAt   .     n - +1 large shield
rPois  .         Gourm    .     (helmet unavailable)
rElec  +         Spirit   .     V - +2 cloak
rCorr  +         Warding  .     O - +2 pair of fencer's gloves {LBl+4 SBl+4 EV+3 Dex+6}
rMut   .         Stasis   .     D - +0 pair of boots
MR     ++...                    c - amulet of resist corrosion
Stlth  ..........               C - ring "Ummuthroa" {rElec Int+2 Slay+5 Stlth+}
                                T - ring of protection from fire

@: mighty, brilliant, agile, very slightly contaminated, hasted, very quick,
very resistant to hostile enchantments, extremely unstealthy
A: horns 3, slimy green scales 1, powered by death 1, powered by pain 1
a: Potion Petition, Call Merchant, Bribe Branch, Renounce Religion


You were on level 15 of the Dungeon.
You worshipped Gozag.
Gozag was noncommittal.
You were not hungry.

You visited 4 branches of the dungeon, and saw 28 of its levels.
You also visited: Labyrinth and Ice Cave.

You collected 8930 gold pieces.
You spent 3552 gold pieces at shops.
You paid 3937 gold pieces to Gozag.

Inventory:

Hand Weapons
 a - the +11 morningstar "Eos" {elec, -Tele rElec SInv}
   (You bought it in a shop on level 4 of the Orcish Mines)

   Occasionally, upon striking a foe, it will discharge some electrical energy
   and cause terrible harm.
   It insulates you from electricity.
   It lets you see invisible.
   It prevents most forms of teleportation.
 b - a +2 whip of venom (weapon)
Missiles
 u - 2 throwing nets
Armour
 n - a +1 large shield (worn)
 A - a +1 plate armour of magic resistance (worn)
 D - a +0 pair of boots (worn)
 O - the +2 pair of fencer's gloves (worn) {LBl+4 SBl+4 EV+3 Dex+6}
   (You found it in a labyrinth)

   It affects your evasion (+3).
   It affects your dexterity (+6).
 V - a +2 cloak (worn)
Jewellery
 c - an amulet of resist corrosion (around neck)
 f - an uncursed ring of positive energy
 t - the ring of Ufip {Ice Str+3}
   (You found it on level 5 of the Dungeon)

   [ring of ice]

   It enhances your ice magic, and weakens your fire magic.
   It affects your strength (+3).
   It makes you vulnerable to fire.
   It protects you from cold.
 x - an uncursed amulet of clarity
 C - the ring "Ummuthroa" (right hand) {rElec Int+2 Slay+5 Stlth+}
   (You found it in an ice cave)

   [ring of stealth]

   It affects your intelligence (+2).
   It affects your accuracy and damage with ranged weapons and melee attacks
   (+5).
   It insulates you from electricity.
   It makes you more stealthy.
 T - a ring of protection from fire (left hand)
Wands
 j - a wand of cold (1)
 k - a wand of disintegration (3)
 y - a wand of random effects (15)
 E - a wand of draining (8)
 G - a wand of disintegration (12)
 L - a wand of teleportation (0)
 R - a wand of cold (6)
Scrolls
 d - 5 scrolls of teleportation
 i - 6 scrolls of remove curse
 l - 3 scrolls of recharging
 p - a scroll of noise
 r - 5 scrolls of immolation
 v - 4 scrolls of identify
 w - 5 scrolls of enchant weapon
 z - 3 scrolls of blinking
 F - a scroll of fear
 H - a scroll of summoning
 I - a scroll of magic mapping
 J - 2 scrolls of fog
 K - a scroll of torment {unknown}
 M - 3 scrolls of enchant armour
Potions
 g - 9 potions of curing
 q - 3 potions of flight
 s - a potion of cancellation
 B - a potion of ambrosia
 X - a potion of resistance
Comestibles
 e - 12 bread rations (quivered)
 h - 9 meat rations
 m - 14 royal jellies
 N - a beef jerky


   Skills:
 + Level 12.4 Fighting
 * Level 15.7 Maces & Flails
 + Level 11.8 Armour
 + Level 11.5 Shields


You had 3 spell levels left.
You knew the following spells:

 Your Spells              Type           Power        Failure   Level  Hunger
a - Haste                 Chrm           ##......     100%        6    #######
b - Phase Shift           Tloc           ##........   100%        5    ######.


Dungeon Overview and Level Annotations

Branches:
Dungeon (15/15)            Temple (1/1) D:7            Lair (8/8) D:8
 Shoals (0/4) Lair:4       Spider (0/4) Lair:6        Slime (0/6) Lair:6
    Orc (4/4) D:12            Elf (0/3) Orc:4        Vaults (0/5) D:13
 Depths (0/5) D:15

Altars:
Ashenzari
Dithmenos
Elyvilon
Fedhas
Gozag
Makhleb
Nemelex Xobeh
Okawaru
Sif Muna
Trog
Vehumet
Xom
Yredelemnul
Zin
The Shining One
Beogh
Jiyva
Lugonu

Shops:
D:10 [   Orc:4 [([*:

Annotations:
Lair:6 exclusion: oklob plant


Innate Abilities, Weirdness & Mutations

You have a pair of large horns on your head.
You are partially covered in slimy green scales (AC +2).
You regenerate a little health from kills.
You sometimes gain a little power by taking damage.


Message History

Your surroundings suddenly seem different.
The deep troll earth mage shouts!
The deep elf high priest shouts!
The yaktaur captain wields an arbalest.
The yaktaur captain shoots a bolt of flame.
The bolt of flame hits you but does no damage.
The cyclops throws a large rock.
You block the large rock.
An anaconda comes into view.
Things that are here:
a large rock; a bolt of flame You hear a distant blaring wail to the northwest.
You feel less vulnerable to hostile enchantments.
The deep elf high priest utters a dark prayer and points at you.
Your life force is offered up.
* * * LOW HITPOINT WARNING * * *
You focus on the pain.
You feel more agile all of a sudden.
The wall shatters!
The blast of rock fragments hits you!
You die...
Your body crumbles into a pile of gold.

#####.....#########.....# #.
#...#...................# #.
#...#...................# #.
#..<#......#............# #.
#...#...................# #.
#...#.[....#............## #.
#...#...###)####.........# #.
#...#....((#..⌠#.........#######.
#...#....#.)...#@#####...........
'...#....#)#...#..C..#...........
#####....#..#.#.#.#..#...........
.........#....(#...#.#..####'#...
##.......#####.#.....#..#....#.##
#.............#>.p#....'....#.#
#............Y####4###.#.(..#.#
#..........e..C........#....#.#
#.............T........######.#


You could see a fire giant, a hell knight, a deep elf high priest and a red
devil.

Vanquished Creatures
  Frances (D:14)
  Maud (Lair:4)
  2 orc warlords (Orc:4)
  Snorg (D:11)
  A minotaur (Lab)
  An ettin (D:15)
  Josephine (D:10)
  4 hydras
  Harold (Lair:4)
  Erica (D:10)
  2 catoblepae
  2 tengu warriors (D:15)
  6 death yaks (Lair:4)
  A deep troll earth mage (D:15)
  7 slime creatures
  Nergalle (Lair:2)
  3 orc high priests
  2 deep elf knights (D:15)
  A deep troll (D:15)
  Pikel (D:8)
  5 hill giants
  5 orc knights
  A wolf spider zombie (D:12)
  2 manticores
  3 wizards
  5 orc sorcerers
  2 griffons
  8 ugly things
  2 cyclopes (D:12)
  Maurice (D:9)
  A centaur zombie (D:12)
  3 ice statues
  6 black mambas
  10 spiny frogs
  7 komodo dragons
  A queen bee (Lair:5)
  2 fire drakes
  5 trolls
  2 polar bears (Lair:1)
  Grinder (D:6)
  A wolf spider simulacrum (D:15)
  Prince Ribbit (D:8)
  A blink frog (shapeshifter) (D:15)
  3 two-headed ogres
  4 wyverns
  11 blink frogs
  Sigmund (D:5)
  6 wraiths
  42 yaks
  A centaur simulacrum (D:12)
  Eustachio (D:6)
  3 deep elf magi
  2 hungry ghosts
  2 basilisks (Lair:5)
  12 hippogriffs
  12 wolves
  Menkaure (D:6)
  A mottled dragon (D:15)
  A soldier ant (D:13)
  38 orc warriors
  9 water moccasins
  8 porcupines
  2 wargs
  15 ice beasts
  3 phantoms
  6 ogres
  A necrophage (D:15)
  A slave (D:7)
  A black bear (Lair:1)
  6 centaurs
  12 crocodiles
  3 sky beasts
  A brain worm (D:13)
  19 giant frogs
  A big kobold (D:11)
  3 scorpions
  26 killer bees
  4 wights (D:12)
  A vampire bat (D:11)
  A quasit (D:5)
  3 crimson imps
  2 electric eels
  A giant frog zombie (D:8)
  2 centaur skeletons
  8 hounds
  A jelly (D:9)
  36 orc priests
  38 orc wizards
  2 giant frog skeletons (D:13)
  2 hell rats (Lair:1)
  Jessica (D:2)
  Natasha (twice) (D:3)
  12 worker ants
  5 iguanas
  A killer bee zombie (D:11)
  4 sheep (Lair:7)
  A hound skeleton (D:11)
  7 gnolls
  4 worker ant zombies
  10 adders
  75 river rats
  4 shadow imps
  2 oozes (D:2)
  2 adder skeletons (D:9)
  An adder zombie (D:5)
  6 worms
  The ghost of pedritolo the Grasshopper, a weakling SpWr (Lair:1)
  5 giant geckos
  199 orcs
  13 bats
  3 giant cockroaches
  20 hobgoblins
  12 jackals
  11 kobolds
  8 quokkas
  4 ball pythons
  3 giant newts
  9 goblins
  8 rats
  A fungus (D:8)
908 creatures vanquished.

Vanquished Creatures (others)
  An orc (Orc:4)
  5 fungi
  3 plants
9 creatures vanquished.

Grand Total: 917 creatures vanquished

Notes
Turn   | Place    | Note
--------------------------------------------------------------
     0 | D:1      | Goblin1989 the Demonspawn Fighter began the quest for the Orb.
     0 | D:1      | Reached XP level 1. HP: 18/18 MP: 1/1
     3 | D:1      | Noticed an electric eel
     3 | D:1      | Noticed an electric eel
    91 | D:1      | Gained mutation: You regenerate a little health from kills. [demonic ancestry]
    91 | D:1      | Reached XP level 2. HP: 8/24 MP: 2/2
   582 | D:2      | Found a faded altar to an unknown god.
   618 | D:2      | Gained mutation: You have a pair of small horns on your head. [demonic ancestry]
   618 | D:2      | Reached XP level 3. HP: 22/29 MP: 3/3
   734 | D:2      | Noticed Jessica
   738 | D:2      | Killed Jessica
   843 | D:2      | Gained mutation: You sometimes gain a little power by taking damage. [demonic ancestry]
   843 | D:2      | Reached XP level 4. HP: 35/35 MP: 4/4
   847 | D:2      | Reached skill level 4 in Maces & Flails
  1342 | D:3      | Noticed Natasha
  1367 | D:3      | Killed Natasha
  1380 | D:3      | Found a bloodstained altar of Trog.
  1419 | D:3      | Reached skill level 5 in Maces & Flails
  1419 | D:3      | Reached XP level 5. HP: 39/41 MP: 5/5
  1577 | D:3      | Noticed Natasha
  1585 | D:3      | Killed Natasha
  1759 | D:3      | You fall through a shaft for 3 floors!
  1854 | D:6      | Noticed Eustachio
  1868 | D:6      | Killed Eustachio
  1868 | D:6      | Reached XP level 6. HP: 40/47 MP: 6/6
  1900 | D:6      | Noticed Grinder
  1912 | D:6      | Killed Grinder
  1912 | D:6      | Reached skill level 6 in Maces & Flails
  1912 | D:6      | Reached XP level 7. HP: 44/53 MP: 7/7
  1982 | D:5      | Entered Level 5 of the Dungeon
  1982 | D:5      | Noticed Sigmund
  2007 | D:5      | Killed Sigmund
  2151 | D:5      | Got a sparkling silver ring
  2152 | D:5      | Identified the ring of Ufip {Ice Str+3} (You found it on level 5 of the Dungeon)
  2849 | D:4      | Reached XP level 8. HP: 61/61 MP: 8/8
  3191 | D:5      | ololoev: yo grave gobber!
  3225 | D:5      | Goblin1989: олололололоув!!!!!
  3225 | D:5      | ololoev: gozag lover
  3225 | D:5      | Goblin1989: приветыкакдила!!!
  3225 | D:5      | ololoev: норм
  3225 | D:5      | Goblin1989: это да
  3225 | D:5      | ololoev: просто кравел надоел пока, не играю
  3225 | D:5      | Goblin1989: я люблю гозага
  3225 | D:5      | ololoev: в последнее время только смотрю
  3225 | D:5      | Goblin1989: так и подумал :)
  3299 | D:5      | ololoev: defe сделал greatrole fighter
  3299 | D:5      | Goblin1989: а этот демонспавн если выживет сделает мегазиг :)
  3299 | D:5      | Goblin1989: знаю
  3406 | D:5      | Goblin1989: так что теперь нужно учить интеллект
  3592 | D:6      | Noticed a two-headed ogre
  3593 | D:6      | Goblin1989: ээээээ!!!!
  3593 | D:6      | Goblin1989: я так неиграю!
  3593 | D:6      | Goblin1989: двухголовый огр на д6
  3607 | D:6      | ololoev: так можно же убежать
  3683 | D:6      | Noticed Menkaure
  3819 | D:7      | Found a basalt altar of Yredelemnul.
  3846 | D:7      | Reached skill level 7 in Maces & Flails
  3916 | D:7      | Reached skill level 5 in Fighting
  4302 | D:6      | Reached skill level 5 in Armour
  4311 | D:6      | Killed Menkaure
  4743 | D:7      | Reached skill level 5 in Shields
  4743 | D:7      | Goblin1989: хаха
  4743 | D:7      | Goblin1989: я их убивать
  4743 | D:7      | Gained mutation: You have a pair of horns on your head. [demonic ancestry]
  4743 | D:7      | Reached XP level 9. HP: 57/68 MP: 9/9
  4901 | D:7      | Found a staircase to the Ecumenical Temple.
  4913 | Temple   | Entered the Ecumenical Temple
  4921 | Temple   | Became a worshipper of Gozag Ym Sagoz the Greedy
  5014 | D:7      | Reached skill level 8 in Maces & Flails
  5470 | D:8      | Noticed Pikel
  5519 | D:8      | Noticed Prince Ribbit
  5538 | D:8      | Killed Prince Ribbit
  5802 | D:8      | Found a burning altar of Makhleb.
  5807 | D:8      | Found a glowing silver altar of Zin.
  5807 | D:8      | Noticed an angel
  5808 | D:8      | Noticed an Executioner
  5882 | D:8      | Killed Pikel
  5882 | D:8      | Reached skill level 9 in Maces & Flails
  5928 | D:8      | Found a shimmering altar of Xom.
  6009 | D:9      | Noticed Maurice
  6029 | D:8      | Found a sparkling altar of Nemelex Xobeh.
  6030 | D:8      | Found an iron altar of Okawaru.
  6153 | D:8      | Found a staircase to the Lair.
  6169 | Lair:1   | Entered Level 1 of the Lair of Beasts
  6190 | Lair:1   | Learned a level 6 spell: Haste
  6191 | Lair:1   | Noticed pedritolo's ghost (weakling SpWr)
  6199 | Lair:1   | Killed pedritolo's ghost
  6297 | Lair:1   | Reached XP level 10. HP: 74/77 MP: 10/10
  6503 | Lair:1   | Noticed a five-headed hydra
  6516 | Lair:1   | Killed a five-headed hydra
  6516 | Lair:1   | Reached skill level 10 in Maces & Flails
  6690 | Lair:1   | Noticed a black mamba
  6704 | Lair:1   | Killed a black mamba
  6970 | Lair:1   | Reached XP level 11. HP: 63/86 MP: 11/11
  7671 | Lair:2   | Noticed Nergalle
  7718 | Lair:2   | Killed Nergalle
  7718 | Lair:2   | Reached skill level 11 in Maces & Flails
  7979 | Lair:2   | Noticed a four-headed hydra
  8214 | Lair:2   | Killed a four-headed hydra
  9345 | Lair:4   | Found a staircase to the Shoals.
  9378 | Lair:4   | Noticed Maud
  9398 | Lair:4   | Killed Maud
  9398 | Lair:4   | Reached skill level 12 in Maces & Flails
  9398 | Lair:4   | Reached XP level 12. HP: 50/95 MP: 12/12
  9556 | Lair:4   | Noticed Harold
  9558 | Lair:4   | Noticed a death yak
  9558 | Lair:4   | Noticed a death yak
  9558 | Lair:4   | Noticed a death yak
  9562 | Lair:4   | Noticed a death yak
  9564 | Lair:4   | Noticed a death yak
  9593 | Lair:4   | Killed a death yak
  9595 | Lair:4   | Noticed a death yak
  9604 | Lair:4   | Killed a death yak
  9620 | Lair:4   | Killed a death yak
  9644 | Lair:4   | Killed a death yak
  9659 | Lair:4   | Killed a death yak
  9679 | Lair:4   | Killed a death yak
  9684 | Lair:4   | Killed Harold
 10392 | Lair:5   | Learned a level 5 spell: Phase Shift
 10421 | Lair:5   | Reached skill level 10 in Fighting
 10986 | Lair:5   | Reached skill level 13 in Maces & Flails
 11443 | Lair:6   | Found a frozen archway.
 11450 | IceCv    | Entered an ice cave
 11484 | IceCv    | Gained mutation: You have a pair of large horns on your head. [demonic ancestry]
 11484 | IceCv    | Reached XP level 13. HP: 91/103 MP: 13/13
 11604 | IceCv    | Got a warped lapis lazuli ring
 11860 | IceCv    | Identified the ring "Ummuthroa" {rElec Int+2 Slay+5 Stlth+} (You found it in an ice cave)
 11957 | Lair:6   | Found a hole to the Spider Nest.
 12049 | Lair:6   | Noticed a six-headed hydra
 12059 | Lair:6   | Killed a six-headed hydra
 12257 | Lair:6   | Noticed a seven-headed hydra
 12264 | Lair:6   | Killed a seven-headed hydra
 12652 | Lair:6   | Found a viscous altar of Jiyva.
 12652 | Lair:6   | Found a staircase to the Slime Pits.
 12813 | Lair:6   | Noticed a catoblepas
 12849 | Lair:6   | Killed a catoblepas
 13433 | Lair:7   | Reached skill level 10 in Armour
 13566 | Lair:7   | Reached skill level 10 in Shields
 13861 | Lair:8   | Entered Level 8 of the Lair of Beasts
 13872 | Lair:8   | Found a labyrinth entrance.
 13887 | Lab      | Entered a labyrinth
 14703 | D:9      | Killed Maurice
 14877 | D:9      | Found a glowing golden altar of the Shining One.
 14911 | D:9      | Found a burning altar of Makhleb.
 15199 | D:9      | Found an opulent altar of Gozag.
 15512 | D:10     | Entered Level 10 of the Dungeon
 15695 | D:10     | Found Yschaclao's Armour Emporium.
 15867 | D:10     | Noticed Erica
 15869 | D:10     | Noticed Josephine
 15874 | D:10     | Killed Erica
 15874 | D:10     | Reached skill level 14 in Maces & Flails
 15885 | D:10     | Killed Josephine
 16306 | D:11     | Noticed Snorg
 16314 | D:11     | Killed Snorg
 16529 | D:11     | Reached XP level 14. HP: 52/113 MP: 14/14
 16603 | D:11     | Found a corrupted altar of Lugonu.
 17723 | D:12     | Found a staircase to the Orcish Mines.
 17732 | Orc:1    | Entered Level 1 of the Orcish Mines
 18286 | Orc:3    | Found a roughly hewn altar of Beogh.
 19461 | Orc:1    | Found a roughly hewn altar of Beogh.
 19632 | Orc:4    | Entered Level 4 of the Orcish Mines
 19713 | Orc:4    | Found Lefity's Armour Boutique.
 19958 | Orc:4    | Found a staircase to the Elven Halls.
 20183 | Orc:4    | Noticed an orc warlord
 20639 | Orc:4    | Killed an orc warlord
 20647 | Orc:4    | Reached skill level 15 in Maces & Flails
 20689 | Orc:4    | Noticed an orc warlord
 21042 | Orc:4    | Found Ykiwk's General Store.
 21051 | Orc:4    | Found Rawarr's Book Shop.
 21070 | Orc:4    | Found Teeg's Antique Armour Boutique.
 21070 | Orc:4    | Found Kahal's Antique Weapon Boutique.
 21084 | Orc:4    | Bought a meat ration for 70 gold pieces
 21084 | Orc:4    | Bought a meat ration for 70 gold pieces
 21154 | Orc:4    | Killed an orc warlord
 21298 | Orc:4    | Bought the +11 morningstar "Eos" {elec, -Tele rElec SInv} for 2250 gold pieces
 21301 | Orc:4    | Bought a faintly humming plate armour for 868 gold pieces
 21301 | Orc:4    | Bought a warped cloak for 294 gold pieces
 21311 | Orc:4    | Identified the cursed +0 plate armour of Modesty {Slay+3} (You bought it in a shop on level 4 of the Orcish Mines)
 21321 | Orc:4    | Identified the cursed -1 cloak "Webuacin" {Dex+4} (You bought it in a shop on level 4 of the Orcish Mines)
 21423 | Orc:4    | rlgrobin: hey, are you using a different font than normal
 21423 | Orc:4    | Goblin1989: Yes. This game settings.
 21496 | D:12     | rlgrobin: how do you change it?
 21740 | D:13     | Found a deep blue altar of Sif Muna.
 21960 | D:13     | Found a gate to the Vaults.
 22091 | D:13     | Goblin1989: http://crawl.xtahua.com/crawl/rcfiles/crawl-0.17/Goblin1989.rc
 22118 | D:14     | rlgrobin: thx m8
 22417 | D:14     | rlgrobin: lucida is the bomb
 22487 | D:14     | Found a shattered altar of Ashenzari.
 22814 | D:14     | Noticed Frances
 22820 | D:14     | Killed Frances
 22820 | D:14     | Gained mutation: You are partially covered in slimy green scales (AC +2). [demonic ancestry]
 22820 | D:14     | Reached XP level 15. HP: 91/120 MP: 15/15
 22991 | D:15     | Entered Level 15 of the Dungeon
 23173 | D:15     | Found a huge runed gate.
 23173 | D:15     | Found a huge runed gate.
 23173 | D:15     | Found a huge runed gate.
 23174 | D:15     | Found a huge runed gate.
 23177 | D:15     | Found a huge runed gate.
 23178 | D:15     | Found a huge runed gate.
 23181 | D:15     | Found a huge runed gate.
 23181 | D:15     | Found a huge runed gate.
 23182 | D:15     | Found a huge runed gate.
 23185 | D:15     | Found a huge runed gate.
 23186 | D:15     | Found a huge runed gate.
 23186 | D:15     | Found a huge runed gate.
 23186 | D:15     | Found a huge runed gate.
 23186 | D:15     | Found a huge runed gate.
 23186 | D:15     | Found a huge runed gate.
 23186 | D:15     | Found a huge runed gate.
 23186 | D:15     | Found a huge runed gate.
 23187 | D:15     | Found a huge runed gate.
 23188 | D:15     | Found a huge runed gate.
 23243 | D:15     | Found a staircase to the Depths.
 23488 | D:15     | Found a huge runed gate.
 23488 | D:15     | Found a huge runed gate.
 23492 | D:15     | Found a huge runed gate.
 23500 | D:15     | Found a huge runed gate.
 23501 | D:15     | Found a huge runed gate.
 23501 | D:15     | Found a huge runed gate.
 23501 | D:15     | Found a huge runed gate.
 23502 | D:15     | Found a huge runed gate.
 23502 | D:15     | Found a huge runed gate.
 23503 | D:15     | Found a huge runed gate.
 23503 | D:15     | Found a huge runed gate.
 23757 | D:15     | Killed from afar by a deep troll earth mage

Action                   |  1- 3 |  4- 6 |  7- 9 | 10-12 | 13-15 || total
-------------------------+-------+-------+-------+-------+-------++-------
Melee: Flail             |   104 |   124 |   504 |   979 |   396 ||  2107
       Whip              |       |       |    61 |   193 |       ||   254
       Morningstar       |       |       |       |       |   994 ||   994
Invok: Potion Petition   |       |       |       |     5 |     5 ||    10
Evoke: Wand              |       |       |       |       |     4 ||     4
  Use: Potion            |       |     2 |     4 |     9 |     4 ||    19
       Scroll            |       |       |    16 |     6 |    11 ||    33
 Stab: Distracted        |       |       |       |     3 |     4 ||     7
  Eat: Chunk             |       |     3 |     8 |       |       ||    11
       Fruit             |       |       |     3 |     1 |    19 ||    23
       Royal jelly       |       |       |     2 |     1 |     2 ||     5
       Beef jerky        |       |       |     1 |     6 |     3 ||    10
       Pizza             |       |       |       |     2 |       ||     2
       Bread ration      |       |       |       |     1 |       ||     1
       Meat ration       |       |       |       |       |     5 ||     5
